 Dungeon Crawl Stone Soup version 0.20-a0-641-g673355a (webtiles) character file.

21 RKaid the Conjurer (level 2, 0/19 HPs)
             Began as a Mummy Conjurer on Feb 14, 2017.
             Slain by an adder (4 damage)
             ... on level 1 of the Dungeon.
             The game lasted 00:04:18 (1674 turns).

RKaid the Conjurer (Mummy Conjurer)                 Turns: 1674, Time: 00:04:19

Health: 0/19       AC:  2    Str: 11    XL:     2   Next: 65%
Magic:  0/6        EV: 12    Int: 14    God:
Gold:   149        SH:  0    Dex: 12    Spells: 4/7 levels left

rFire    x . .     SeeInvis .   (no weapon)
rCold    + . .     Gourm    .   a - +0 robe
rNeg     + + +     Faith    .   (no shield)
rPois    ∞         Spirit   .   (no helmet)
rElec    .         Reflect  .   (no cloak)
rCorr    .         Harm     .   (no gloves)
MR       .....                  (no boots)
Stlth    ++........             (no amulet)
Regen    0.1/turn               (no ring)
MPRegen  0.1/turn               (no ring)

@: no status effects
A: no food or potions, fire vulnerability, cold resistance 1, negative energy
resistance 3, torment resistance, unbreathing
a: no special abilities


You were on level 1 of the Dungeon.
You were not hungry.

You visited 1 branch of the dungeon, and saw 2 of its levels.

You collected 149 gold pieces.

Inventory:

Hand Weapons
 e - a +0 whip
Armour
 a - a +0 robe (worn)
Scrolls
 c - a scroll of magic mapping {unknown}
 d - 2 scrolls of teleportation {unknown}
Books
 b - a book of Conjurations

   Spells                             Type                      Level
   a - Magic Dart                     Conjuration                  1
   b - Searing Ray                    Conjuration                  2
   c - Dazzling Spray                 Conjuration/Hexes            3
   d - Fulminant Prism                Conjuration/Hexes            4
   e - Force Lance                    Conjuration/Translocation    4
   f - Iskenderun's Mystic Blast      Conjuration                  4


   Skills:
 + Level 1.7 Dodging
 + Level 1.9 Stealth
 * Level 3.1 Spellcasting
 * Level 3.5 Conjurations


You had 4 spell levels left.
You knew the following spells:

 Your Spells              Type           Power        Failure   Level  Hunger
a - Magic Dart            Conj           ##..         6%          1    N/A
b - Searing Ray           Conj           ##....       10%         2    N/A

Dungeon Overview and Level Annotations

Branches:
Dungeon (2/15)

Altars:


Innate Abilities, Weirdness & Mutations

You do not eat or drink.
Your flesh is vulnerable to fire.
You are immune to poison.
Your flesh is cold resistant. (rC+)
You are immune to negative energy. (rN+++)
You are immune to unholy pain and torment.
You can survive without breathing.


Message History

The adder bites you but does no damage.
Your magical contamination has completely faded away.
The adder bites you. The adder bites you. The adder closely misses you.
There is a stone staircase leading up here.
Casting: Magic Dart
Confirm with . or Enter, or press ? or * to list all spells.
Aiming: Magic Dart
Press: ? - help, Shift-Dir - straight line, f/p - adder
Aim: an adder (severely wounded)
The magic dart hits the adder.
The adder is severely wounded.
The adder closely misses you. The adder bites you.
* * * LOW HITPOINT WARNING * * *
You climb upwards.
There is a stone staircase leading down here.
The adder bites you.
You die...

# ###.### #.# #.... # #.....#
##'## #.### # #...#.# ##)..###.#
# ## #.....# ##.....##.### .##
#.##.## ##.......#....
..#########.#...####.........####
...............(...'.......(.'...
....#######.#..S####.........####
.#..# #......@.###.......## #
#..(## #..#####.# ##.....##
.....# #..#####.# ##...## #...##
#.....##.# ##+## ##.## #.###.##.#
#.# #.# #.###)##.# #.# ### #.#
#........# ##.## ##.## #†#
#####.#### ##...###...# #.# #.#
#.......(#..


You could see an adder.

Vanquished Creatures
  A leopard gecko (D:2)
  2 bats (D:1)
  A goblin (D:1)
  4 hobgoblins
  2 kobolds (D:2)
  A quokka (D:1)
  A ball python (D:1)
  4 frilled lizards (D:1)
  3 rats
19 creatures vanquished.

Notes
Turn   | Place    | Note
-------+----------+-------------------------------------------
     0 | D:1      | RKaid the Mummy Conjurer began the quest for the Orb.
     0 | D:1      | Reached XP level 1. HP: 13/13 MP: 4/4
   803 | D:1      | Reached XP level 2. HP: 19/19 MP: 2/5
   861 | D:1      | Learned a level 2 spell: Searing Ray
  1674 | D:1      | Slain by an adder

Vault maps used:
D:1:      dpeg_arrival_three_same_balls, minmay_misc_feat_tower

Skill      XL: |  1  2 |
---------------+-------+-----
Spellcasting   | 3 |  3.1
Dodging        | |  1.7
Stealth        | |  1.9
Conjurations   | |  3.5

Action                   || total
-------------------------++-------
 Cast: Magic Dart        ||    59
Armor: Robe              ||     6
Dodge: Dodged            ||    26
